 Dungeon Crawl Stone Soup version 0.20.1-1-g8b1a95d (webtiles) character file.

128 TheGuigne the Slasher (level 4, -5/35 HPs)
             Began as a Demonspawn Fighter on Aug 12, 2017.
             Slain by an ice beast (6 damage)
             ... on level 3 of the Dungeon.
             The game lasted 00:03:25 (2142 turns).

TheGuigne the Slasher (Demonspawn Fighter)          Turns: 2142, Time: 00:03:27

Health: -5/35      AC:  5    Str: 18    XL:     4   Next: 86%
Magic:  4/4        EV:  8    Int:  9    God:
Gold:   108        SH:  8    Dex: 12    Spells: 3/3 levels left

rFire    + . .     SeeInvis .   a - +0 long sword
rCold    . . .     Gourm    .   c - +0 shield
rNeg     . . .     Faith    .   l - +0 ring mail {rF+}
rPois    .         Spirit   .   (no helmet)
rElec    .         Reflect  .   (no cloak)
rCorr    .         Harm     .   (no gloves)
MR       .....                  (no boots)
Stlth    +.........             (no amulet)
Regen    0.2/turn               (no ring)
MPRegen  0.1/turn               (no ring)

@: lethally poisoned (-5 -> -7)
A: sturdy frame 1
a: no special abilities


You were on level 3 of the Dungeon.
You were not hungry.

You visited 1 branch of the dungeon, and saw 3 of its levels.

You collected 108 gold pieces.

Inventory:

Hand Weapons
 a - a +0 long sword (weapon)
 m - a +0 whip of draining
 p - a +0 blowgun
Missiles
 h - 8 javelins (quivered)
 q - 6 poisoned needles
Armour
 b - a +0 scale mail
 c - a +0 shield (worn)
 l - a +0 ring mail of fire resistance (worn)
Scrolls
 e - a scroll of recharging {unknown}
 g - a scroll of enchant weapon {unknown}
 j - a scroll of noise {unknown}
 k - a scroll of fog {unknown}
Potions
 d - a potion of might
 o - a potion of berserk rage {unknown}
Comestibles
 f - a bread ration
 i - a royal jelly
 n - 3 meat rations


   Skills:
 - Level 3.0 Fighting
 + Level 4.6 Long Blades
 - Level 2.6 Armour
 - Level 2.6 Shields


You had 3 spell levels left.
You didn't know any spells.

Dungeon Overview and Level Annotations

Branches:
Dungeon (3/15)

Altars:


Innate Abilities, Weirdness & Mutations

Your movements are slightly less encumbered by armour. (ER -2)


Message History

You closely miss the ice beast.
The ice beast is lightly wounded.
You feel sick.
The ice beast hits you but does no damage.
You block the ice beast's attack.
You hit the ice beast but do no damage.
The ice beast is lightly wounded.
The ice beast hits you but does no damage.
You hit the ice beast but do no damage.
The ice beast is lightly wounded.
You feel sick. The ice beast hits you.
* * * LOW HITPOINT WARNING * * *
The ice beast freezes you.
* * * LOW HITPOINT WARNING * * *
Your shield prevents you from hitting the ice beast.
The ice beast is lightly wounded.
The ice beast hits you.
* * * LOW HITPOINT WARNING * * *
The ice beast freezes you.
You die...

...........Y.............#.....##
.....>.....g...................##
..............)...#...#.##[......
#######...######........##.......
#...# #..#.............. #...#
#..##.##.###...... #...#
#g.......#........ ####)..#
#Y###.##.#.#...... #...)..#
#@###.##.#.#...... #.##...#
#..........#....>. ####.######
#####.######......
......########### ### #######
.###........#...##
#......###..###.# ...#..#.<....#
#.##### .###.....##..###.....#
.....##.##.#...####.#


You could see an ice beast and a hobgoblin.

Vanquished Creatures
  2 orc wizards (D:3)
  2 adders (D:3)
  2 oozes
  A dart slug (D:2)
  5 orcs (D:3)
  2 giant cockroaches
  3 goblins
  4 hobgoblins
  3 jackals (D:3)
  8 bats
  3 frilled lizards
  4 kobolds
  5 rats
44 creatures vanquished.

Notes
Turn   | Place    | Note
-------+----------+-------------------------------------------
     0 | D:1      | TheGuigne the Demonspawn Fighter began the quest for the Orb.
     0 | D:1      | Reached XP level 1. HP: 18/18 MP: 1/1
    34 | D:1      | Reached skill level 2 in Long Blades
   285 | D:1      | Gained mutation: Your movements are slightly less encumbered by armour. (ER -2) [demonic ancestry]
   285 | D:1      | Reached XP level 2. HP: 19/24 MP: 2/2
   877 | D:2      | Reached skill level 3 in Long Blades
  1229 | D:3      | Reached XP level 3. HP: 29/29 MP: 3/3
  1300 | D:3      | Reached XP level 4. HP: 8/35 MP: 4/4
  1659 | D:3      | Reached skill level 4 in Long Blades
  2119 | D:3      | Noticed an ice beast
  2142 | D:3      | HP: 1/35 [ice beast (3)]
  2142 | D:3      | Slain by an ice beast

Skill      XL: |  1  2  3  4 |
---------------+-------------+-----
Long Blades    | 2 3 4 |  4.6
Fighting       | |  3.0
Armour         | |  2.6
Shields        | |  2.6

Action                   |  1- 3 |  4- 6 || total
-------------------------+-------+-------++-------
Melee: Long sword        |    84 |    50 ||   134
  Use: Potion            |     1 |       ||     1
  Eat: Chunk             |     1 |     3 ||     4
Armor: Scale mail        |    29 |       ||    29
       Ring mail         |    20 |    20 ||    40
Dodge: Dodged            |    31 |    17 ||    48
Block: Shield            |    53 |    23 ||    76
       Rpst.: Long sword |    11 |     2 ||    13
